Map: Frost LE

Players

Furrex - Winner!

  • Race: Terran Terran
  • League: Diamond
  • Spawn Location: 1:00

VOD

Have the link to the VOD?

Description

Time

  • Played on: May 24, 2016, 3:03 p.m.
  • Length: 12:51
Show
View Real Time Build Order
Export as new Build Order

Furrex Terran - Winner!

Build Orders: MMM Bio 

Get SALT Encoding   

  12  0:02  SCV  
  12  0:14  SCV  
  12  0:18  Supply Depot  
  12  0:26  SCV  
  12  0:40  SCV  
  12  0:41  Barracks  
  12  0:51  Refinery  
  12  0:52  SCV  
  12  1:04  SCV  
  12  1:16  SCV  
  12  1:28  Marine  
  12  1:29  Orbital Command  
  12  1:45  Command Center  
  12  1:57  Factory  
  12  2:07  Supply Depot  
  12  2:14  Barracks Reactor  
  12  2:17  SCV  
  12  2:29  SCV  
  12  2:31  Barracks  
  12  2:41  SCV  
  12  2:53  SCV  
  12  2:58  Refinery, Marine, Hellion x2  
  12  3:00  Orbital Command  
  12  3:05  SCV  
  12  3:17  Barracks Tech Lab, SCV  
  12  3:29  SCV  
  12  3:33  SCV  
  12  3:39  Widow Mine, Stimpack  
  12  3:40  Marine x2  
  12  3:41  SCV  
  12  3:42  Starport  
  12  3:45  SCV  
  12  3:53  SCV  
  12  3:57  Supply Depot, SCV  
  12  3:58  Marine x2  
  12  3:59  Supply Depot  
  12  4:03  Marauder  
  12  4:05  SCV  
  12  4:14  Factory Reactor  
  12  4:19  Medivac, SCV x2  
  12  4:27  Supply Depot  
  12  4:30  Supply Depot  
  12  4:31  SCV x2  
  12  4:32  Marine, Marauder  
  12  4:33  Marine  
  12  4:43  SCV x2  
  12  4:50  Liberator  
  12  4:53  Refinery  
  12  4:56  Marine x2  
  12  4:58  Marauder  
  12  4:59  Liberator, SCV x2  
  12  5:05  Supply Depot  
  12  5:06  Widow Mine  
  12  5:13  Engineering Bay  
  12  5:15  SCV x2  
  12  5:21  Marine x2  
  12  5:22  Marauder  
  12  5:26  Supply Depot x2  
  12  5:27  SCV  
  12  5:31  SCV  
  12  5:39  SCV  
  12  5:40  Missile Turret  
  12  5:42  Missile Turret  
  12  5:43  SCV  
  12  5:51  SCV  
  12  5:55  Widow Mine, Marauder  
  12  5:56  Marine x2  
  12  5:57  Medivac  
  12  5:59  Medivac  
  12  6:14  Marine  
  12  6:15  Combat Shields  
  12  6:16  Marauder  
  12  6:17  SCV x2  
  12  6:19  Refinery  
  12  6:20  Supply Depot x2  
  12  6:28  Factory Reactor  
  12  6:29  Marine  
  12  6:30  Medivac, Command Center  
  12  6:39  Marine  
  12  6:42  Marauder  
  12  6:46  Engineering Bay, Marine  
  12  6:47  Armory  
  12  6:49  Supply Depot  
  12  6:53  Supply Depot x2  
  12  6:54  Supply Depot  
  12  7:03  Marauder  
  12  7:17  Supply Depot  
  12  7:28  Barracks  
  12  7:30  Barracks  
  12  7:31  Barracks  
  12  7:33  Supply Depot  
  12  7:34  Marine x2, Barracks  
  12  7:35  Marauder  
  12  7:36  Barracks  
  12  7:37  Concussive Shells  
  12  7:38  Terran Infantry Weapons Level 1, Terran Infantry Armor Level 1  
  12  7:41  Terran Vehicle Weapons Level 1  
  12  7:42  SCV  
  12  7:49  Medivac x2  
  12  7:56  Marauder  
  12  8:00  Marine x2, Widow Mine x2  
  12  8:02  SCV x2  
  12  8:04  Orbital Command  
  12  8:14  SCV  
  12  8:15  SCV  
  12  8:17  Marine x2  
  12  8:18  Barracks Tech Lab  
  12  8:19  Barracks Reactor  
  12  8:21  Barracks Reactor  
  12  8:23  Barracks Tech Lab  
  12  8:24  Liberator, Marine  
  12  8:25  Barracks Reactor  
  12  8:32  Liberator  
  12  8:44  Refinery  
  12  8:46  Refinery, Supply Depot  
  12  8:51  Marine x4, Marauder  
  12  8:57  SCV x3  
  12  9:05  Marine x5  
  12  9:06  Marine  
  12  9:08  Marine  
  12  9:09  Marine, Marauder x2, SCV  
  12  9:12  Marine  
  12  9:15  SCV x2  
  12  9:22  Marine  
  12  9:23  Marine x5  
  12  9:30  Marauder  
  12  9:31  Marauder x2  
  12  9:53  Marine x6  
  12  9:54  Marine x2, Marauder x3  
  12  10:07  Supply Depot  
  12  10:08  Supply Depot  
  12  10:10  Marine  
  12  10:12  Liberator x2, Supply Depot  
  12  10:29  Marine x2, Command Center  
  12  10:30  Marine, Terran Infantry Weapons Level 2, Terran Infantry Armor Level 2, Marauder  
  12  10:32  Terran Vehicle Weapons Level 2  
  12  11:48  Orbital Command  
  12  12:05  Marine x2, Marauder  
Tags
 
Composition
MMM Bio
League
Diamond
Race
Terran
Add a new tag
Caveats
  • Supply blocks, unpowered buildings, or Contaminate may cause inaccurate times.
  • Supply counts are checked every 10 seconds.